 Dungeon Crawl Stone Soup version 0.19-a0-1254-gb9c29c0 (webtiles) character file.

840 Ijustatesigmund the Conjurer (level 8, 0/52 HPs)
             Began as an Octopode Wizard on Aug 27, 2016.
             Was an Initiate of Okawaru.
             Succumbed to a scorpion's poison
             ... on level 5 of the Dungeon.
             The game lasted 00:25:35 (6828 turns).

Ijustatesigmund the Conjurer (Octopode Wizard)      Turns: 6828, Time: 00:25:35

Health: 0/52       AC:  1    Str:  6    XL:     8   Next: 0%
Magic:  6/12       EV:  2    Int: 22    God:    Okawaru [......]
Gold:   252        SH:  0    Dex: -1 (11) Spells: 6 memorised, 3 levels left

rFire  . . .     SeeInvis .     p - +0 short sword
rCold  . . .     Gourm    .     (no shield)
rNeg   . . .     Faith    .     a - +0 hat
rPois  .         Spirit   .     r - amulet of regeneration
rElec  .         Dismiss  .     o - ring of protection from magic
rCorr  .         Reflect  .     q - ring of stealth
MR     +....     Harm     .     (no ring)
Stlth  ..........               (no ring)
                                (no ring)
                                (no ring)
                                (no ring)
                                (no ring)

@: lethally poisoned (0 -> -12), slowed, lost dexterity, repel missiles, very
slow
A: almost no armour, stealthy swim, amphibious, 8 rings, constrict 8, camouflage
1, gelatinous body 1
a: Renounce Religion


You were on level 5 of the Dungeon.
You worshipped Okawaru.
Okawaru was noncommittal.
You were not hungry.

You visited 2 branches of the dungeon, and saw 8 of its levels.

You collected 252 gold pieces.

Inventory:

Hand Weapons
 k - a +2 hunting sling of velocity
 p - a +0 short sword (weapon)
Armour
 a - a +0 hat (worn)
Jewellery
 o - a ring of protection from magic (left tentacle)
 q - a ring of stealth (right tentacle)
 r - an amulet of regeneration (around mantle)
 t - an uncursed amulet of rage
 w - an uncursed ring of protection from fire {unknown}
Scrolls
 i - 3 scrolls of remove curse
 m - 2 scrolls of enchant weapon
 v - 3 scrolls of identify
Potions
 d - a potion of brilliance
 e - 2 potions of flight
 h - a potion of curing
 l - a potion of might {unknown}
Books
 b - a book of Minor Magic

   Spells                             Type                      Level
   a - Magic Dart                     Conjuration                  1
   b - Blink                          Translocation                2
   c - Call Imp                       Summoning                    2
   d - Repel Missiles                 Charms/Air                   2
   e - Slow                           Hexes                        2
   f - Conjure Flame                  Conjuration/Fire             3
   g - Mephitic Cloud                 Conjuration/Poison/Air       3
 f - a book of Party Tricks

   Spells                             Type                      Level
   a - Summon Butterflies             Summoning                    1
   b - Apportation                    Translocation                1
   c - Tukima's Dance                 Hexes                        3
   d - Alistair's Intoxication        Transmutation/Poison         5
   e - Invisibility                   Hexes                        6
 s - a book of Ice

   Spells                             Type                      Level
   a - Ice Form                       Ice/Transmutation            4
   b - Metabolic Englaciation         Hexes/Ice                    5
   c - Ozocubu's Refrigeration        Ice                          6
   d - Bolt of Cold                   Conjuration/Ice              6
   e - Freezing Cloud                 Conjuration/Ice/Air          6
   f - Simulacrum                     Ice/Necromancy               6
Comestibles
 c - a bread ration
 j - a slice of pizza
 n - a meat ration


   Skills:
 + Level 3.3 Fighting
 + Level 3.2 Short Blades
 - Level 2.0 Dodging
 - Level 4.0 Stealth
 - Level 3.0 Spellcasting
 - Level 4.6 Conjurations
 - Level 1.0 Summonings
 - Level 2.0 Translocations
 - Level 2.1 Air Magic
 - Level 2.0 Poison Magic
 - Level 3.2 Invocations


You had 3 spell levels left.
You knew the following spells:

 Your Spells              Type           Power        Failure   Level  Hunger
a - Magic Dart            Conj           ###.         1%          1    None
b - Blink                 Tloc           N/A          10%         2    ##.....
c - Repel Missiles        Chrm/Air       #.....       14%         2    ##.....
d - Mephitic Cloud        Conj/Pois/Air  ###.....     12%         3    ###....
e - Apportation           Tloc           ##........   8%          1    None
f - Summon Butterflies    Summ           #.......     10%         1    None


Dungeon Overview and Level Annotations

Branches:
Dungeon (7/15)             Temple (1/1) D:4

Altars:
Ashenzari
Cheibriados
Dithmenos
Elyvilon
Fedhas
Gozag
Hepliaklqana
Kikubaaqudgha
Makhleb
Nemelex Xobeh
Okawaru
Qazlal
Ru
Sif Muna
Trog
Uskayaw
Vehumet
Xom
Yredelemnul
Zin
The Shining One

Shops:
D:6 (

Annotations:
D:5 Gruesome's ghost, novice FoFi
D:6 Multipenetrator's ghost, novice DDNe


Innate Abilities, Weirdness & Mutations

You cannot wear most types of armour.
You are very stealthy in the water.
You are amphibious.
You can wear up to eight rings at the same time.
You can use your tentacles to constrict eight enemies at once.
Your skin changes colour to match your surroundings (Stealth+).
Your rubbery body absorbs attacks. (AC +1, EV +1)


Message History

Confirm with . or Enter, or press ? or * to list all spells.
Aiming: Magic Dart
Press: ? - help, Shift-Dir - straight line, f/p - scorpion
Aim: a scorpion (heavily wounded)
The magic dart hits the scorpion.
The scorpion is heavily wounded.
You feel sick. The scorpion stings you.
* * * LOW HITPOINT WARNING * * *
The scorpion stings you.
* * * LOW HITPOINT WARNING * * *
You are more poisoned.
The scorpion poisons you!
Casting: Magic Dart
Confirm with . or Enter, or press ? or * to list all spells.
Aiming: Magic Dart
Press: ? - help, Shift-Dir - straight line, f/p - scorpion
Aim: a scorpion (heavily wounded)
The magic dart hits the scorpion.
The scorpion is heavily wounded.
You die...

..# ####### ..#
#.....#####
..#########.##......#
..'...........)>....#
..#########.##......#
..# #.........#
....##### #....#.#.[#
...#..... #.#..s...<#
...#...%.##.####@####
...+...O.'..#....#
..##.....####.#### .
#..... #.# # #.....
#.# #...O. #.# #..Z..
#.######### #.$...
#.........# #..ZW.
#########.#


You could see a scorpion.

Vanquished Creatures
  A phantom (D:7)
  A giant frog (D:7)
  2 scorpions
  A crimson imp (D:5)
  A quasit (D:5)
  A hound (D:7)
  3 orc priests
  2 orc wizards
  2 giant frog skeletons (D:4)
  Jessica (D:2)
  2 worker ants
  A hound zombie (D:7)
  7 adders
  A gnoll (D:5)
  An ooze (D:7)
  An adder zombie (D:5)
  2 adder skeletons
  3 worms
  A dart slug (D:3)
  2 giant geckos
  21 orcs
  6 bats
  2 giant cockroaches
  9 goblins
  7 hobgoblins
  9 jackals
  8 kobolds
  A quokka (D:2)
  4 ball pythons
  5 giant newts
  5 rats
113 creatures vanquished.

Notes
Turn   | Place    | Note
-------+----------+-------------------------------------------
     0 | D:1      | Ijustatesigmund the Octopode Wizard began the quest for the Orb.
     0 | D:1      | Reached XP level 1. HP: 11/11 MP: 4/4
     3 | D:1      | Noticed an electric eel
    64 | D:1      | Noticed an electric eel
   505 | D:1      | Reached XP level 2. HP: 17/17 MP: 0/6
   564 | D:1      | Learned a level 2 spell: Blink
   574 | D:1      | Learned a level 2 spell: Repel Missiles
  1287 | D:1      | Reached XP level 3. HP: 21/21 MP: 2/7
  1802 | D:2      | Noticed Jessica
  1808 | D:2      | Killed Jessica
  1808 | D:2      | Reached XP level 4. HP: 20/27 MP: 2/8
  2224 | D:2      | Learned a level 3 spell: Mephitic Cloud
  2647 | D:3      | Reached skill level 1 in Short Blades
  2647 | D:3      | Reached XP level 5. HP: 32/32 MP: 2/9
  2649 | D:3      | Reached skill level 1 in Fighting
  3759 | D:3      | Found a shimmering altar of Xom.
  3848 | D:4      | Reached XP level 6. HP: 11/39 MP: 1/10
  4208 | D:5      | Entered Level 5 of the Dungeon
  4333 | D:5      | Noticed a phantom
  4389 | D:4      | Reached skill level 1 in Air Magic
  4502 | D:4      | Found a staircase to the Ecumenical Temple.
  4508 | D:4      | Reached skill level 1 in Poison Magic
  4565 | Temple   | Entered the Ecumenical Temple
  4667 | Temple   | Became a worshipper of Warmaster Okawaru
  4810 | D:4      | Noticed a phantom
  5368 | D:4      | Learned a level 1 spell: Apportation
  5370 | D:4      | Learned a level 1 spell: Summon Butterflies
  5427 | D:6      | Found a deep blue altar of Sif Muna.
  5427 | D:6      | Noticed an ice beast
  5427 | D:6      | Noticed Multipenetrator's ghost (novice DDNe)
  5450 | D:5      | Reached XP level 7. HP: 42/45 MP: 11/11
  5582 | D:5      | Noticed Gruesome's ghost (novice FoFi)
  6186 | D:6      | Found Boplittu's Weapon Emporium.
  6734 | D:5      | Reached XP level 8. HP: 47/52 MP: 5/12
  6768 | D:5      | Lost dexterity.
  6828 | D:5      | Succumbed to a scorpion's poison

Vault maps used:
D:1:      arrival_aquarium_b
D:2:      uniq_jessica
D:3:      tgw_xom
D:5:      first_bread
D:6:      basic_altar, serial_shops, kennysheep_mini, shop
Temple:   grunt_wide_crystal_templ

Skill      XL: |  1  2  3  4  5  6  7 |
---------------+----------------------+-----
Stealth        | 3 4 |  4.0
Conjurations   | 2 3 4 |  4.6
Translocations | 2 |  2.0
Short Blades   | 1 2 3 |  3.2
Fighting       | 2 3 |  3.3
Air Magic      | 1 2 |  2.1
Poison Magic   | 1 2 |  2.0
Invocations    | 3 |  3.2
Dodging        | |  2.0
Spellcasting   | |  3.0
Summonings     | |  1.0

Action                   |  1- 3 |  4- 6 |  7- 9 || total
-------------------------+-------+-------+-------++-------
Melee: Unarmed           |    30 |       |       ||    30
       Constrict         |     9 |    13 |     9 ||    31
       Tentacles         |     7 |    10 |    10 ||    27
       Dagger            |     8 |    14 |       ||    22
       Short sword       |       |    48 |    76 ||   124
 Cast: Magic Dart        |    51 |   136 |    59 ||   246
       Repel Missiles    |     1 |     1 |       ||     2
       Apportation       |       |     2 |     4 ||     6
       Blink             |       |       |    11 ||    11
       Mephitic Cloud    |       |       |     6 ||     6
       Summon Butterflie |       |       |     4 ||     4
  Use: Scroll            |     1 |     8 |     3 ||    12
       Potion            |       |     2 |     3 ||     5
 Stab: Sleeping          |       |     3 |     5 ||     8
  Eat: Chunk             |     2 |     8 |     3 ||    13
       Fruit             |       |     2 |       ||     2
       Beef jerky        |       |     1 |       ||     1
       Pizza             |       |       |     2 ||     2
Armor: Skin              |     7 |     6 |    13 ||    26
Dodge: Dodged            |    40 |    52 |    99 ||   191
       Deflected         |       |     1 |       ||     1
